 Dungeon Crawl Stone Soup version 0.30-a0-263-ge22c4ad894 (webtiles) character file.

Game seed: 11408419054239781277

51 lesbiats the Conjurer (level 3, -7/29 HPs)
             Began as a Draconian Conjurer on Oct 6, 2022.
             Killed from afar by Robin (14 damage)
             ... with a bolt of dispelling energy
             ... on level 2 of the Dungeon on Oct 14, 2022.
             The game lasted 00:07:33 (1329 turns).

lesbiats the Conjurer (Draconian Conjurer)          Turns: 1329, Time: 00:07:34

Health: -7/29      AC:  6    Str:  9    XL:     3   Next: 57%
Magic:  1/7        EV: 12    Int: 20    God:
Gold:   41         SH:  0    Dex:  9    Spells: 4/7 levels left

rFire   . . .      SeeInvis +    b - +0 short sword
rCold   . . .      Faith    .    (no shield)
rNeg    . . .      Spirit   .    (body armour unavailable)
rPois   .          Reflect  .    (helmet restricted)
rElec   .          Harm     .    (no cloak)
rCorr   .          Rampage  .    g - +0 pair of gloves
Will    .....                    (no boots)
Stlth   ++........               (no amulet)
HPRegen 0.24/turn                i - ring of see invisible
MPRegen 0.10/turn                (no ring)

@: no status effects
A: AC +5, unfitting armour, cold-blooded
a: no special abilities


You were on level 2 of the Dungeon.
You visited 1 branch of the dungeon, and saw 2 of its levels.

You collected 41 gold pieces.

Inventory:

Hand Weapons
 b - a +0 short sword (weapon)
 d - a +0 club
Missiles
 c - 11 stones
Armour
 g - a +0 pair of gloves (worn)
Jewellery
 i - a ring of see invisible (left hand)
Scrolls
 e - a scroll of magic mapping {unknown}
 f - 2 scrolls of fear {unknown}
 j - a scroll of blinking {unknown}
 l - a scroll of poison {unknown}
Potions
 a - a potion of magic
 h - a potion of ambrosia {unknown}
 k - a potion of invisibility {unknown}
 m - a potion of heal wounds {unknown}


   Skills:
 + Level 1.9 Fighting
 - Level 1.7 Dodging
 - Level 1.7 Stealth
 + Level 2.6 Spellcasting
 + Level 4.4 Conjurations


You had 4 spell levels left.
You knew the following spells:

 Your Spells              Type           Power      Damage    Failure   Level
a - Magic Dart            Conj           80%        1d7       2%          1
b - Searing Ray           Conj           40%        2d5       3%          2

Your spell library contained the following spells:

 Spells                   Type           Power      Damage    Failure   Level
 Dazzling Flash           Conj/Hex       22%        N/A       19%         3
 Inner Flame              Hex/Fire       2%         N/A       41%         3
 Fulminant Prism          Conj/Hex       5%         3d7       52%         4
 Iskenderun's Mystic Bla  Conj/Tloc      11%        2d4       52%         4
 Cause Fear               Hex            1%         N/A       82%         4
 Discord                  Hex            1%         N/A       100%        8


Dungeon Overview and Level Annotations

Branches:
Dungeon (2/15)

Altars:

Annotations:
D:2 Robin


Innate Abilities, Weirdness & Mutations

Your plain brown scales are hard. (AC +5)
You cannot fit into any form of body armour.
You are cold-blooded and may be slowed by cold attacks.


Message History

The hobgoblin is moderately wounded.
The hobgoblin hits you but does no damage.
You hit the hobgoblin.
You kill the hobgoblin!
Items here: ))) †††.
Robin and a goblin come into view.
Robin is wielding a +0 whip and carrying a wand of quicksilver (7).
Robin shouts!
The goblin shouts!
Robin roars a battlecry!
The goblin goes into a battle-frenzy!
Items here: )))) †††.
Items here: ))) †††.
You start resting.
There are monsters nearby!
There are monsters nearby!
The goblin hits you but does no damage.
Items here: ))) †††.
You hit the goblin.
You kill the goblin!
Robin zaps a wand.
The bolt of dispelling energy misses you.
Robin zaps a wand.
The bolt of dispelling energy misses you.
A hobgoblin comes into view.
The hobgoblin shouts!
Robin zaps a wand.
The bolt of dispelling energy misses you.
Robin roars a battlecry!
The hobgoblin goes into a battle-frenzy!
You hear a shout!
Aiming: Magic Dart (safe; 2% risk of failure)
Press: ? - help, Q - select action, (/) - cycle Shift-Dir - straight line, f - Robin
Aim: Robin, wielding a +0 whip, wearing a +1 animal skin, wearing a +0 helmet and carrying a wand of quicksilver (4) (100% to hit)
The magic dart hits Robin.
Robin is lightly wounded.
Robin zaps a wand.
The bolt of dispelling energy hits you!
Ouch! That really hurt!
* * * LOW HITPOINT WARNING * * *
Robin zaps a wand.
The bolt of dispelling energy hits you!
You die...

..........##.gg
.............
...........#
#.....)...# #
#.#)# #.#.#)#
#.#.#.#
#....g######
######...@g...#
#......<#####.#
#.###...# .#
#.... .. #.#.##
.## #[#†# .#
#.#.. .# ..###
## #


You could see Robin and a hobgoblin (strong).

Vanquished Creatures
  A dart slug (D:1)
  2 ball pythons (D:1)
  7 endoplasms (D:1)
  A giant cockroach (D:1)
  12 goblins
  3 hobgoblins
  2 jackals (D:1)
  4 kobolds
  A quokka (D:1)
  3 bats (D:1)
  2 frilled lizards (D:1)
  3 rats
41 creatures vanquished.

Notes
Turn   | Place    | Note
-------+----------+-------------------------------------------
     0 | D:1      | lesbiats the Draconian Conjurer began the quest for the
                  | Orb.
     0 | D:1      | Reached XP level 1. HP: 14/14 MP: 3/3
    88 | D:1      | Reached XP level 2. HP: 18/22 MP: 0/5
   159 | D:1      | Learned a level 2 spell: Searing Ray
   168 | D:1      | Reached skill level 1 in Fighting
   302 | D:1      | Upgraded the game from 0.30-a0-218-gedb9141078 to
                  | 0.30-a0-219-gf2db51d15e
   429 | D:1      | Upgraded the game from 0.30-a0-219-gf2db51d15e to
                  | 0.30-a0-263-ge22c4ad894
   458 | D:1      | Found a faded altar of an unknown god.
   833 | D:1      | Reached XP level 3. HP: 28/28 MP: 4/6
  1311 | D:2      | Noticed Robin
  1329 | D:2      | Killed from afar by Robin

Illustrated notes

Levels and vault maps discovered:
D:1:      minmay_arrival_nine_rooms, layout_basic,
          ebering_ecumenical_altar_abandoned, minmay_cut_off
D:2:      layout_loops_cross, uniq_robin, uniq_jessica, uniq_crazy_yiuf_cottage

Skill      XL: |  1  2 |
---------------+-------+-----
Fighting       | 1 |  1.9
Dodging        | |  1.7
Stealth        | |  1.7
Spellcasting   | |  2.6
Conjurations   | |  4.4

Action                   || total
-------------------------++-------
Melee: Unarmed           ||    30
       Tailslap          ||     6
       Short sword       ||    33
 Cast: Magic Dart        ||    46
       Searing Ray       ||     5
 Stab: Sleeping          ||     1
Armor: Skin              ||    23
Dodge: Dodged            ||    59

Table legend: (Time is in decaauts)
 A = Elapsed time spent in this place.
 B = Non-inter-level travel time spent in this place.
 C = Inter-level travel time spent in this place.
 D = Time resting spent in this place.
 E = Time spent auto-exploring this place.
 F = Levels seen in this place.
 G = Mean time per level.
                   A        B        C        D        E       F      G
               +--------+--------+--------+--------+--------+-----+--------+
         Total |   1328 |   1292 |     36 |    379 |    594 |   2 |  664.0 |
       Dungeon |   1328 |   1292 |     36 |    379 |    594 |   2 |  664.0 |
               +--------+--------+--------+--------+--------+-----+--------+

Top non-repeatable levels by time:
     D:1: 1254 daAuts
     D:2: 74 daAuts
